 Dungeon Crawl Stone Soup version 0.29-a0-271-gd4eb659eea (webtiles) character file.

Game seed: 12702830683956825264

5926 Morbidden the Grappler (level 10, 0/112 HPs)
             Began as a Troll Transmuter on Mar 8, 2022.
             Was a Believer of Cheibriados.
             Shot with an arrow by a centaur (12 damage)
             ... on level 10 of the Dungeon.
             The game lasted 00:16:47 (8366 turns).

Morbidden the Grappler (Troll Transmuter)           Turns: 8366, Time: 00:16:48

Health: 0/112      AC:  6    Str: 31    XL:     10   Next: 53%
Magic:  13/15      EV: 12    Int: 18    God:    Cheibriados [**....]
Gold:   543        SH:  0    Dex: 15    Spells: 5/17 levels left

rFire   x . .      SeeInvis .     - Unarmed
rCold   + + +      Faith    .   (shield currently unavailable)
rNeg    . . .      Spirit   .   (body armour currently unavailable)
rPois   +          Reflect  .   (helmet currently unavailable)
rElec   .          Harm     .   (cloak currently unavailable)
rCorr   .          Rampage  .   (gloves unavailable)
Will    .....                   (boots unavailable)
Stlth   ++........              q - amulet of magic regeneration
HPRegen 1.08/turn               B - +6 ring of strength
MPRegen 0.54/turn               (no ring)

@: ice-form, on blink cooldown, very slow
A: freezing attack, amphibious, boosted hp, large, unfitting armour, (claws 3),
regeneration 1, (shaggy fur 1), (tough skin 1)
a: End Transformation, Renounce Religion, Bend Time


You were on level 10 of the Dungeon.
You worshipped Cheibriados.
Cheibriados was pleased with you.
You were a creature of crystalline ice.
You visited 2 branches of the dungeon, and saw 11 of its levels.

You collected 581 gold pieces.
You spent 38 gold pieces at shops.

Inventory:

Hand Weapons
 C - a +0 whip
Missiles
 a - 4 curare-tipped darts
 f - 320 stones (quivered)
 n - 4 boomerangs
 u - 2 silver javelins
Armour
 j - +0 steam dragon scales (melded)
Jewellery
 q - an amulet of magic regeneration (around neck)
 B - a +6 ring of strength (left front paw)
Wands
 k - a wand of mindburst (20)
 s - a wand of digging (8)
 x - a wand of iceblast (6)
Scrolls
 c - 3 scrolls of fear
 d - 2 scrolls of silence {unknown}
 e - a scroll of brand weapon {unknown}
 g - 2 scrolls of blinking {unknown}
 i - 2 scrolls of teleportation {unknown}
 l - 2 scrolls of enchant armour {unknown}
 r - 7 scrolls of noise
 v - a scroll of vulnerability {unknown}
 w - 3 scrolls of holy word {unknown}
 y - 2 scrolls of immolation
 A - a scroll of magic mapping
Potions
 b - 2 potions of haste
 m - 2 potions of flight
 o - 3 potions of mutation
 p - 3 potions of curing {unknown}
 t - 2 potions of cancellation {unknown}
 z - a potion of might {unknown}
 D - a potion of brilliance {unknown}


   Skills:
 * Level 4.5 Fighting
 + Level 0.6 Throwing
 * Level 5.0 Dodging
 + Level 0.6 Stealth
 * Level 8.8 Unarmed Combat
 * Level 4.1 Spellcasting
 * Level 1.7 Translocations
 * Level 4.7 Transmutations
 * Level 1.9 Ice Magic
 - Level 3.0 Poison Magic
 * Level 2.6 Invocations
 + Level 0.3 Evocations


You had 5 spell levels left.
You knew the following spells:

 Your Spells              Type           Power      Damage    Failure   Level
a - Beastly Appendage     Tmut           40%        N/A       2%          1
b - Spider Form           Tmut/Pois      17%        N/A       9%          3
c - Ice Form              Ice/Tmut       15%        N/A       36%         4
x - Blink                 Tloc           20%        N/A       11%         2
z - Wereblood             Tmut           20%        N/A       3%          2

Your spell library contained the following spells:

 Spells                   Type           Power      Damage    Failure   Level
 Animate Skeleton         Necr           6%         N/A       14%         1
 Pain                     Necr           12%        1d4       14%         1
 Summon Small Mammal      Summ           12%        N/A       14%         1
 Scorch                   Fire           6%         2d5       22%         2
 Lesser Beckoning         Tloc           10%        N/A       22%         3
 Call Canine Familiar     Summ           3%         N/A       41%         3
 Summon Guardian Golem    Hex/Summ       3%         N/A       41%         3
 Vampiric Draining        Necr           3%         2d6       41%         3
 Flame Wave               Conj/Fire      3%         2d4       82%         4
 Manifold Assault         Tloc           10%        N/A       89%         5
 Iskenderun's Battlesphe  Conj           3%         2d6       99%         5
 Iron Shot                Conj/Erth      1%         9d1       100%        6
 Summon Cactus Giant      Summ           1%         N/A       100%        6
 Spellforged Servitor     Conj/Summ      1%         N/A       100%        7
 Storm Form               Tmut/Air       6%         N/A       100%        7


Dungeon Overview and Level Annotations

Branches:
Dungeon (10/15)            Temple (1/1) D:5            Lair (0/6) D:10
    Orc: D:9-12

Altars:
Ashenzari
Cheibriados
Dithmenos
Elyvilon
Fedhas
Gozag
Hepliaklqana
Kikubaaqudgha
Makhleb
Nemelex Xobeh
Okawaru
Ru
Sif Muna
Vehumet
Wu Jian
The Shining One

Shops:
D:6 ?

Annotations:
D:3 2 transporters, ballabu's ghost, amateur DsNe


Innate Abilities, Weirdness & Mutations

You are a creature of crystalline ice.
You have a powerful freezing melee attack.
You are amphibious.
Your maximum health is increased.
Your armour is entirely melded.
You are incapable of wielding weapons or throwing items.
You are too large for most types of armour.
((You have claws for hands.))
Your natural rate of healing is unusually fast.
((You are covered in fur. (AC +1)))
((You have tough skin. (AC +1)))


Message History

The two-headed ogre is heavily wounded.
The centaur hits you.
* * * LOW HITPOINT WARNING * * *
The centaur closely misses you.
The two-headed ogre hits you with a +0 giant spiked club!!
* * * LOW HITPOINT WARNING * * *
The two-headed ogre misses you.
Unknown command.
Unknown command.
You punch the two-headed ogre! You freeze the two-headed ogre.
The two-headed ogre is almost dead.
The centaur hits you.
* * * LOW HITPOINT WARNING * * *
The centaur misses you. The centaur closely misses you. The centaur kicks you.
* * * LOW HITPOINT WARNING * * *
Unknown command.
Unknown command.
Unknown command.
Casting: Ice Form (dangerous; 36% risk of failure)
Confirm with . or Enter, or press ? or * to list all spells.
You blink.
Unknown command.
Unknown command.
Unknown command.
You can't do that in your present form.
Unknown command.
Okay, then.
Aiming: Iceblast
Press: ? - help, Shift-Dir - straight line, f - two-headed ogre
Aim: a two-headed ogre, wielding a +0 giant spiked club and a +0 giant club (almost dead)
The mass of ice explodes!
The iceblast engulfs the two-headed ogre!
You kill the two-headed ogre!
Cheibriados appreciates the change of pace.
The iceblast engulfs the centaur!!
The centaur is almost dead.
You hear an angry hiss.
You hear an angry buzzing noise.
The centaur wields a +0 shortbow.
The centaur shoots an arrow.
The arrow hits you!
You die...

#..........#
########..........#
.................)#
..................#
..................##
...................#
...................#
...................####
.#######........Y.....#
## ##.............# #
##............#
##...........# ##
#.........###
⌠.##..#)........#
⌠⌠...⌠.c§.......#
⌠.##..#.......<.# ##
#.........#


You could see a centaur.

Vanquished Creatures
  A two-headed ogre (D:10)
  Sonja (D:10)
  A komodo dragon (D:10)
  Sigmund (D:4)
  A vampire (D:9)
  A shadow (D:9)
  A wyvern (D:8)
  A wraith (D:9)
  4 steam dragons
  6 yaks
  A black bear (D:6)
  An orc warrior (D:8)
  2 ice beasts
  2 ogres
  2 sky beasts
  4 phantoms (D:5)
  5 bullfrogs
  2 necrophages (D:5)
  2 gnoll sergeants (D:7)
  5 wights (D:9)
  4 howler monkeys
  3 orc priests
  5 hounds
  3 jellies
  2 gnoll shamans
  6 iguanas
  Natasha (thrice) (D:3)
  2 orc wizards
  Robin (D:2)
  17 gnolls
  3 adders
  2 shadow imps
  A white imp (D:5)
  An ufetubus (D:4)
  3 worms
  4 dart slugs
  20 orcs
  14 endoplasms
  2 giant cockroaches
  21 goblins
  13 hobgoblins
  4 jackals (D:4)
  6 kobolds
  2 quokkas
  8 ball pythons
  3 bats
  5 frilled lizards
  2 rats
204 creatures vanquished.

Vanquished Creatures (others)
  6 plants (D:3)
6 creatures vanquished.

Grand Total: 210 creatures vanquished

Notes
Turn   | Place    | Note
-------+----------+-------------------------------------------
     0 | D:1      | Morbidden the Troll Transmuter began the quest for the Orb.
     0 | D:1      | Reached XP level 1. HP: 18/18 MP: 1/1
   159 | D:1      | Reached XP level 2. HP: 22/26 MP: 0/3
   490 | D:1      | Reached XP level 3. HP: 32/32 MP: 2/4
   689 | D:2      | Noticed Robin
   692 | D:2      | Reached skill level 1 in Fighting
   704 | D:2      | Killed Robin
   707 | D:2      | Reached skill level 4 in Unarmed Combat
   708 | D:2      | HP: 1/49 [hobgoblin[Robin] (5)]
  1120 | D:2      | Reached XP level 4. HP: 41/41 MP: 0/5
  1197 | D:2      | Learned a level 2 spell: Wereblood
  1668 | D:3      | Found a transporter.
  1674 | D:3      | Found a transporter.
  1714 | D:3      | Identified the +7 spear of the Muttering Shrike {chaos,
                  | Stlth+}
  1727 | D:3      | Noticed Natasha
  1741 | D:3      | Killed Natasha
  1866 | D:3      | Noticed Natasha
  1878 | D:3      | Reached XP level 5. HP: 28/48 MP: 3/6
  1879 | D:3      | Killed Natasha
  1900 | D:3      | Noticed Natasha
  1907 | D:3      | Killed Natasha
  2002 | D:3      | Noticed ballabu's ghost (amateur DsNe)
  2477 | D:4      | Reached XP level 6. HP: 57/57 MP: 3/7
  2706 | D:4      | Noticed Sigmund
  2714 | D:4      | Killed Sigmund
  2715 | D:4      | Reached skill level 5 in Unarmed Combat
  2720 | D:4      | Learned a level 3 spell: Spider Form
  2932 | D:4      | Reached XP level 7. HP: 51/65 MP: 6/9
  3630 | D:5      | Entered Level 5 of the Dungeon
  4228 | D:5      | Reached skill level 1 in Poison Magic
  4292 | D:5      | Reached XP level 8. HP: 61/74 MP: 9/11
  4404 | D:5      | Reached skill level 6 in Unarmed Combat
  4723 | D:5      | Found a staircase to the Ecumenical Temple.
  5189 | D:6      | Reached skill level 7 in Unarmed Combat
  5269 | D:6      | Found Fabboici's Magic Scroll Shop.
  5277 | D:6      | Bought a scroll of magic mapping for 38 gold pieces
  5396 | D:6      | Found an ornate altar of the Wu Jian Council.
  5403 | D:6      | Found a burning altar of Makhleb.
  5570 | D:6      | Reached XP level 9. HP: 40/83 MP: 12/12
  5654 | Temple   | Entered the Ecumenical Temple
  5730 | Temple   | Became a worshipper of Cheibriados the Contemplative
  5764 | D:5      | Learned a level 4 spell: Ice Form
  6052 | D:7      | Reached * piety under Cheibriados
  6159 | D:7      | Found a shimmering blue altar of Sif Muna.
  6691 | D:7      | Learned a level 2 spell: Blink
  6763 | D:8      | Reached skill level 1 in Invocations
  6770 | D:8      | Reached skill level 1 in Ice Magic
  6871 | D:8      | Reached skill level 8 in Unarmed Combat
  7067 | D:8      | Reached skill level 1 in Translocations
  7179 | D:8      | Reached XP level 10. HP: 63/92 MP: 14/14
  7523 | D:9      | Reached ** piety under Cheibriados
  8190 | D:10     | Entered Level 10 of the Dungeon
  8225 | D:10     | Found a staircase to the Lair.
  8265 | D:10     | Noticed Sonja
  8283 | D:10     | Killed Sonja
  8284 | D:10     | Reached skill level 5 in Dodging
  8353 | D:10     | Noticed a two-headed ogre
  8366 | D:10     | Killed a two-headed ogre
  8366 | D:10     | Shot with an arrow by a centaur

Illustrated notes

Levels and vault maps discovered:
D:1:      tarquinn_simple_flora_water_c, layout_basic
D:2:      kennysheep_the_goblin_king, layout_rooms, uniq_robin
D:3:      layout_rooms, gammafunk_ghost_gnarly_gnolls, uniq_natasha
D:4:      nicolae_cairo_tiling_large, layout_basic,
          hangedman_abyss_or_decor_stabs, grunt_ministairs_5, uniq_sigmund
D:5:      layout_gridville, minmay_temple_entry_from_below_b, st_stairs_1
D:6:      layout_basic, mainiacjoe_overflow_big_doors, serial_glass,
          glass_columns_b, glass_columns_b, serial_shops, shop_fountains
D:7:      layout_loops_cross, lemuel_blue_sif_altar
D:8:      layout_rooms
D:9:      layout_small_grid
D:10:     minmay_the_grid_octo_2x2 [minmay_the_grid_octo_clover_2,
          minmay_the_grid_octo_vomiting_pacman, minmay_the_grid_octo_shrine,
          minmay_the_grid_octo_prize_star], layout_irregular_city,
          amethyst_killhole, uniq_sonja
Temple:   mainiacjoe_temple_bowtie_tessellation

Skill      XL: |  1  2  3  4  5  6  7  8  9 10 |
---------------+-------------------------------+-----
Fighting       | 1 2 3 4 |  4.5
Unarmed Combat | 4 5 7 8 |  8.8
Dodging        | 2 3 4 5 |  5.0
Transmutations | 2 3 4 |  4.7
Spellcasting   | 2 3 4 |  4.1
Poison Magic   | 1 2 3 |  3.0
Invocations    | 1 2 |  2.6
Ice Magic      | 1 |  1.9
Translocations | 1 |  1.7
Throwing       | |  0.6
Stealth        | |  0.6
Evocations     | |  0.3

Action                   |  1- 3 |  4- 6 |  7- 9 | 10-12 || total
-------------------------+-------+-------+-------+-------++-------
Melee: Unarmed           |    86 |   108 |   283 |    55 ||   532
       Kick              |     4 |    15 |    42 |     3 ||    64
       Headbutt          |     2 |     8 |    29 |     1 ||    40
       Punch             |       |     2 |     7 |       ||     9
Throw: Stone             |     7 |    14 |     9 |     3 ||    33
       Javelin           |       |     3 |       |       ||     3
 Cast: Beastly Appendage |    11 |    18 |    36 |     2 ||    67
       Wereblood         |       |    10 |    13 |     2 ||    25
       Spider Form       |       |       |     6 |     1 ||     7
       Ice Form          |       |       |     2 |     7 ||     9
       Blink             |       |       |       |     1 ||     1
Evoke: Wand              |       |       |     5 |     4 ||     9
  Use: Potion            |     1 |       |     3 |     1 ||     5
       Scroll            |       |     4 |     2 |     1 ||     7
 Stab: Sleeping          |       |       |     1 |       ||     1
Armor: Robe              |    34 |    36 |    47 |       ||   117
       Skin              |    33 |       |     4 |     8 ||    45
       Steam dragon scal |       |       |    21 |     1 ||    22
Dodge: Dodged            |    46 |    55 |   204 |    48 ||   353

Table legend: (Time is in decaauts)
 A = Elapsed time spent in this place.
 B = Non-inter-level travel time spent in this place.
 C = Inter-level travel time spent in this place.
 D = Time resting spent in this place.
 E = Time spent auto-exploring this place.
 F = Levels seen in this place.
 G = Mean time per level.
                   A        B        C        D        E       F      G
               +--------+--------+--------+--------+--------+-----+--------+
         Total |   9110 |   8692 |    418 |    792 |   6314 |  11 |  828.2 |
       Dungeon |   9000 |   8615 |    385 |    792 |   6258 |  10 |  900.0 |
        Temple |    110 |     78 |     32 |      0 |     56 |   1 |  110.0 |
               +--------+--------+--------+--------+--------+-----+--------+

Top non-repeatable levels by time:
     D:5: 1362 daAuts
     D:4: 1345 daAuts
     D:9: 1194 daAuts
     D:7: 1142 daAuts
     D:2: 891 daAuts
     D:8: 813 daAuts
     D:3: 745 daAuts
     D:6: 681 daAuts
     D:1: 636 daAuts
    D:10: 187 daAuts
  Temple: 110 daAuts
